 Dungeon Crawl Stone Soup version 0.30-a0-304-gdc4b735fe1 (webtiles) character file.

Game seed: 14907508686818390470

12877 plokij the Carver (level 11, -6/101 HPs)
             Began as a Minotaur Fighter on Oct 20, 2022.
             Was a High Priest of Okawaru.
             Killed by divine providence
             ... invoked by a meliai
              (11 damage)
             ... on level 14 of the Dungeon.
             The game lasted 00:48:12 (13627 turns).

plokij the Carver (Minotaur Fighter)               Turns: 13627, Time: 00:48:13

Health: -6/101     AC: 17    Str: 21    XL:     11   Next: 68%
Magic:  9/10       EV: 12    Int:  5    God:    Okawaru [*****.]
Gold:   708        SH: 14    Dex: 26    Spells: 10/10 levels left

rFire   . . .      SeeInvis .    L - +5 scimitar (freeze)
rCold   . . .      Faith    .    D - +0 kite shield
rNeg    . . .      Spirit   .    b - +0 plate armour
rPois   .          Reflect  .    z - +1 hat
rElec   .          Harm     .    x - +0 cloak
rCorr   .          Rampage  .    (no gloves)
Will    .....                    (no boots)
Stlth   ..........               (no amulet)
HPRegen 0.36/turn                l - +6 ring of dexterity
MPRegen 0.12/turn                N - +6 ring of dexterity

@: no status effects
A: horns 2, retaliatory headbutt
a: Renounce Religion, Heroism, Finesse, Duel


You were on level 14 of the Dungeon.
You worshipped Okawaru.
Okawaru was extremely pleased with you.
You visited 2 branches of the dungeon, and saw 13 of its levels.

You collected 708 gold pieces.

Inventory:

Hand Weapons
 y - a +0 shortbow
 I - a +2 great sword
 L - a +5 scimitar of freezing (weapon)
Missiles
 U - a throwing net (quivered)
Armour
 b - a +0 plate armour (worn)
 x - a +0 cloak (worn)
 z - a +1 hat (worn)
 D - a +0 kite shield (worn)
 F - a +0 kite shield
 H - a +0 plate armour
 R - the +4 skin of Zhor {*Englaciate rC+++ SInv}
   (You found it on level 9 of the Dungeon)

   It radiates cold, occasionally slowing all nearby creatures who are not
   resistant to cold.
   rC:        It renders you almost immune to cold.
   SInv:      It lets you see invisible.
Magical Staves
 J - a staff of cold
Jewellery
 g - a ring of positive energy
 l - a +6 ring of dexterity (left hand)
 m - a ring of positive energy
 u - a ring of fire
 v - a +6 ring of strength
 N - a +6 ring of dexterity (right hand)
 O - a +4 ring of evasion
 T - a +4 ring of evasion
 V - a ring of ice
Wands
 c - a wand of mindburst (2)
 d - a wand of polymorph (4)
 B - a wand of flame (13)
 G - a wand of charming (3)
Scrolls
 k - 6 scrolls of identify
 o - 4 scrolls of teleportation
 q - a scroll of magic mapping
 r - 2 scrolls of poison
 s - 2 scrolls of fog
 t - 3 scrolls of blinking
 A - 2 scrolls of fear
 C - 3 scrolls of enchant armour
 E - 3 scrolls of enchant weapon
 M - a scroll of brand weapon
 Q - a scroll of summoning
Potions
 a - a potion of flight {unknown}
 e - 2 potions of curing
 f - 3 potions of lignification {unknown}
 h - 3 potions of invisibility
 i - a potion of heal wounds
 j - 4 potions of degeneration {unknown}
 n - 3 potions of magic {unknown}
 p - a potion of brilliance {unknown}
 w - 3 potions of ambrosia {unknown}
 K - 2 potions of berserk rage {unknown}
 P - a potion of mutation {unknown}
 S - 4 potions of might


   Skills:
 + Level 10.5 Fighting
 + Level 10.5 Long Blades
 + Level 10.5 Armour
 + Level 10.0 Dodging
 + Level 10.5 Shields


You had 10 spell levels left.
You didn't know any spells.
Your spell library contained the following spells:

 Spells                   Type           Power      Damage    Failure   Level
 Apportation              Tloc           0%         N/A       100%        1
 Beastly Appendage        Tmut           0%         N/A       100%        1
 Freeze                   Ice            0%         1d3       100%        1
 Cigotuvi's Dreadful Rot  Necr/Pois/Air  0%         N/A       100%        2
 Poisonous Vapours        Pois/Air       0%         N/A       100%        2
 Wereblood                Tmut           0%         N/A       100%        2
 Frozen Ramparts          Ice            0%         1d1       100%        3
 Hailstorm                Conj/Ice       0%         3d3       100%        3
 Mephitic Cloud           Conj/Pois/Air  0%         N/A       100%        3
 Portal Projectile        Hex/Tloc       0%         N/A       100%        3
 Spider Form              Tmut/Pois      0%         N/A       100%        3
 Leda's Liquefaction      Hex/Erth       0%         N/A       100%        4
 Alistair's Intoxication  Tmut/Pois      0%         N/A       100%        5
 Iskenderun's Battlesphe  Conj           0%         2d6       100%        5
 Iron Shot                Conj/Erth      0%         9d1       100%        6
 Call Canine Familiar     Summ           Unusable   N/A       N/A         3
 Spellforged Servitor     Conj/Summ      Unusable   N/A       N/A         7

Dungeon Overview and Level Annotations

Branches:
Dungeon (11/15)            Temple (1/1) D:7            Lair (0/5) D:8
    Orc (0/2) D:10

Altars:
Ashenzari
Cheibriados
Dithmenos
Elyvilon
Fedhas
Gozag
Hepliaklqana
Kikubaaqudgha
Makhleb
Nemelex Xobeh
Okawaru
Qazlal
Ru
Sif Muna
Trog
Uskayaw
Vehumet
Wu Jian
Xom
Yredelemnul
Zin
The Shining One

Annotations:
D:7 2 transporters, Jackthecabe's ghost, novice GrEE


Innate Abilities, Weirdness & Mutations

You have a pair of horns on your head.
You reflexively headbutt those who attack you in melee.


Message History

The meliai calls upon its god to heal the meliai.
The meliai is healed somewhat.
You hit the meliai. You freeze the meliai.
The meliai is lightly wounded.
The meliai hits you with a +0 broad axe.
You block the meliai's attack.
The meliai calls upon its god to heal the meliai.
The meliai's wounds heal themselves!
The meliai hits you but does no damage.
The meliai stings you but does no damage.
You block the meliai's attack. x2
You closely miss the meliai.
The meliai is lightly wounded.
The meliai invokes the aid of its god against you.
Something smites you!
* * * LOW HITPOINT WARNING * * *
The meliai hits you with a +0 war axe!
* * * LOW HITPOINT WARNING * * *
The meliai stings you but does no damage.
You block the meliai's attack.
The meliai stings you but does no damage.
The meliai closely misses you. You block the meliai's attack.
You feel much better. You block the meliai's attack. x2
The meliai mumbles some strange prayers to its god against you.
Something smites you!
* * * LOW HITPOINT WARNING * * *
The meliai hits you but does no damage. The meliai closely misses you.
The meliai hits you with a +0 broad axe!
* * * LOW HITPOINT WARNING * * *
You block the meliai's attack.
You feel better.
You feel like a meek peon again. The meliai closely misses you.
You furiously retaliate!
You headbutt the meliai! The meliai stings you.
* * * LOW HITPOINT WARNING * * *
The meliai hits you with a +0 broad axe!
* * * LOW HITPOINT WARNING * * *
You block the meliai's attack.
The meliai calls down the wrath of its god upon you.
Something smites you!
You die...

#......#
#......#
######......#
#...........###
......^.......#
..............#
..............#
.......@y.....#
##......y.....#
########.....#
#######


You could see 2 meliai.

Vanquished Creatures
  A two-headed ogre (D:10)
  A boulder beetle (D:10)
  The ghost of ReploidZero the Skirmisher, a novice TeHu of Okawaru (D:9)
  Pikel (D:6)
  Maurice (D:10)
  Joseph (D:10)
  Psyche (D:8)
  An unseen horror (D:8)
  4 rime drakes (D:9)
  A troll (D:9)
  A meliai (D:14)
  Grinder (D:3)
  A hornet (D:7)
  A wraith (D:10)
  2 wyverns
  20 yaks
  A steam dragon (D:8)
  An acid dragon (D:8)
  2 water moccasins (D:8)
  A sky beast (D:7)
  2 ice beasts
  3 orc warriors
  2 black bears
  An ogre (D:8)
  A lemure (D:6)
  3 centaurs
  2 phantoms
  3 kobold brigands
  A gnoll sergeant (D:7)
  5 bullfrogs
  3 scorpions
  21 wights
  9 killer bees (D:9)
  A howler monkey (D:6)
  3 hounds
  3 jellies
  Crazy Yiuf (D:2)
  2 orc priests
  5 iguanas
  3 orc wizards
  3 adders
  14 gnolls
  3 white imps
  A worm (D:2)
  3 dart slugs (D:1)
  42 orcs
  6 bats
  9 endoplasms
  A giant cockroach (D:2)
  8 goblins
  4 hobgoblins
  8 jackals
  2 quokkas
  6 ball pythons
  3 frilled lizards (D:1)
  17 kobolds
  7 rats
  A butterfly (D:1)
256 creatures vanquished.

Vanquished Creatures (others)
  10 fungi (D:8)
  27 plants
37 creatures vanquished.

Grand Total: 293 creatures vanquished

Notes
Turn   | Place    | Note
-------+----------+-------------------------------------------
     0 | D:1      | plokij the Minotaur Fighter began the quest for the Orb.
     0 | D:1      | Reached XP level 1. HP: 19/19 MP: 0/0
   101 | D:1      | Reached XP level 2. HP: 27/27 MP: 1/1
   339 | D:1      | Reached XP level 3. HP: 33/33 MP: 2/2
   522 | D:2      | Found a runed translucent door.
   523 | D:2      | Noticed Crazy Yiuf
   754 | D:2      | Found a burning altar of Makhleb.
   893 | D:2      | Reached skill level 1 in Dodging
  1665 | D:3      | Reached XP level 4. HP: 12/40 MP: 3/3
  1904 | D:3      | Noticed Grinder
  2102 | D:4      | Reached XP level 5. HP: 10/47 MP: 4/4
  3063 | D:4      | Noticed an ice beast
  3719 | D:5      | Entered Level 5 of the Dungeon
  3770 | D:5      | Reached XP level 6. HP: 30/53 MP: 5/5
  4214 | D:5      | Reached skill level 5 in Long Blades
  4275 | D:5      | Reached skill level 5 in Armour
  4289 | D:5      | Found an ornate altar of the Wu Jian Council.
  4303 | D:5      | Reached skill level 5 in Shields
  4421 | D:5      | Reached skill level 5 in Fighting
  4421 | D:5      | Reached XP level 7. HP: 51/61 MP: 6/6
  4877 | D:3      | Killed Grinder
  4940 | D:2      | Killed Crazy Yiuf
  5136 | D:6      | Noticed Pikel
  5154 | D:6      | Killed Pikel
  5155 | D:6      | Reached skill level 5 in Dodging
  5155 | D:6      | Reached XP level 8. HP: 64/70 MP: 7/7
  5286 | D:6      | Found a glowing golden altar of the Shining One.
  5502 | D:6      | Found a sacrificial altar of Ru.
  7031 | D:7      | Noticed a hornet
  7032 | D:7      | Found a staircase to the Ecumenical Temple.
  7033 | D:7      | Paralysed by a hornet for 3 turns
  7040 | D:7      | Killed a hornet
  7041 | D:7      | Reached XP level 9. HP: 17/78 MP: 8/8
  7045 | Temple   | Entered the Ecumenical Temple
  7085 | Temple   | Became a worshipper of Warmaster Okawaru
  7550 | D:7      | Found a transporter.
  7550 | D:7      | Found a transporter.
  7551 | D:7      | Noticed Jackthecabe's ghost (novice GrEE)
  7552 | D:7      | Identified the +6 great mace of Discord {flame, Will+
                  | Dex+4}
  8396 | D:8      | Reached * piety under Okawaru
  8733 | D:8      | Reached ** piety under Okawaru
  8786 | D:8      | Found a staircase to the Lair.
  8798 | D:8      | Reached XP level 10. HP: 72/88 MP: 9/9
  8860 | D:8      | Found a hide-covered altar of Uskayaw.
  9047 | D:8      | Noticed Psyche
  9980 | D:8      | Killed Psyche
 11008 | D:9      | Reached *** piety under Okawaru
 11703 | D:9      | Found the +4 skin of Zhor {*Englaciate rC+++ SInv}
 11792 | D:9      | Reached **** piety under Okawaru
 11857 | D:9      | Found a runed translucent door.
 11858 | D:9      | Noticed ReploidZero's ghost (novice TeHu)
 11867 | D:9      | Killed ReploidZero's ghost
 11868 | D:9      | Reached XP level 11. HP: 97/97 MP: 7/10
 12214 | D:10     | Entered Level 10 of the Dungeon
 12216 | D:10     | Noticed Joseph
 12231 | D:10     | Noticed Maurice
 12376 | D:10     | Killed Joseph
 12376 | D:10     | Reached ***** piety under Okawaru
 12383 | D:10     | Killed Maurice
 12439 | D:10     | Found a staircase to the Orcish Mines.
 12500 | D:10     | Found an opulent altar of Gozag.
 12502 | D:10     | Found a blossoming altar of Fedhas.
 12502 | D:10     | Found a snail-covered altar of Cheibriados.
 12503 | D:10     | Found a broken altar of Ashenzari.
 12677 | D:10     | Reached skill level 10 in Shields
 12680 | D:10     | Reached skill level 10 in Long Blades
 12682 | D:10     | Received a gift from Okawaru
 12686 | D:10     | Reached skill level 10 in Fighting
 12686 | D:10     | Reached skill level 10 in Armour
 13166 | D:10     | Noticed a two-headed ogre
 13171 | D:10     | Killed a two-headed ogre
 13192 | D:10     | Noticed a boulder beetle
 13225 | D:10     | Killed a boulder beetle
 13226 | D:10     | Reached skill level 10 in Dodging
 13368 | D:10     | Found a burning altar of Makhleb.
 13611 | D:11     | You fall into a shaft and drop 3 floors!
 13627 | D:14     | HP: 5/101 [meliai/+0 broad axe (7)]
 13627 | D:14     | Killed from afar by a meliai

Illustrated notes

Levels and vault maps discovered:
D:1:      spicycebolla_arrival_clurvy, layout_rooms
D:2:      layout_loops_corners, basic_altar, uniq_crazy_yiuf_cottage
D:3:      layout_basic, uniq_grinder
D:4:      layout_basic, hangedman_minor_gate_pass
D:5:      layout_basic, nicolae_wu_jian_glorious_leap
D:6:      layout_basic, mainiacjoe_overflow_alcove_1,
          mainiacjoe_overflow_concentric_impassable, uniq_pikel
D:7:      layout_basic, minmay_temple_entry_wispy, gammafunk_ghost_smash
D:8:      layout_basic, nicolae_uskayaw_dance_studio,
          grunt_lair_entry_orc_guard_hut, special_room [special_room_orc],
          uniq_psyche
D:9:      layout_gridville, gammafunk_ghost_grave, hellmonk_guarded_unrand_zhor
D:10:     layout_irregular_city, chequers_temple_overflow_statue_of_worship,
          mainiacjoe_overflow_cross_hatched, orc_0_dummy, uniq_maurice,
          uniq_joseph
D:11:     layout_roguey, gammafunk_ghost_grave, portal_ice_cave_demonic_guard,
          glass_columns_a, minmay_diced_spiral
D:14:     layout_irregular_city, grunt_decor_fettered, grunt_ministairs_11,
          minmay_misc_feat_enclosed, disabler_island
Temple:   nicolae_temple_ecumenical_triangle

Skill      XL: |  1  2  3  4  5  6  7  8  9 10 11 |
---------------+----------------------------------+-----
Long Blades    | 3 4 5 6 7 8 9 10 | 10.5
Shields        | 4 5 6 8 9 10 | 10.5
Armour         | 4 5 6 8 9 10 | 10.5
Dodging        | 1 2 3 5 6 8 9 10 | 10.0
Fighting       | 4 5 6 8 9 10 | 10.5

Action                   |  1- 3 |  4- 6 |  7- 9 | 10-12 || total
-------------------------+-------+-------+-------+-------++-------
Melee: Long sword        |   103 |   121 |   282 |   187 ||   693
       Headbutt          |    16 |    19 |    78 |    84 ||   197
       Scimitar          |       |       |       |   185 ||   185
Invok: Heroism           |       |       |       |     4 ||     4
  Use: Potion            |       |       |     2 |     6 ||     8
       Scroll            |       |       |     9 |     2 ||    11
Armor: Scale mail        |    48 |    17 |       |       ||    65
       Plate armour      |       |    29 |   126 |   194 ||   349
       Chain mail        |       |     1 |       |       ||     1
       Skin              |       |       |       |     9 ||     9
Dodge: Dodged            |    56 |    50 |   104 |   117 ||   327
Block: Buckler           |    23 |    31 |    46 |       ||   100
       Kite shield       |       |       |    63 |   251 ||   314

Table legend: (Time is in decaauts)
 A = Elapsed time spent in this place.
 B = Non-inter-level travel time spent in this place.
 C = Inter-level travel time spent in this place.
 D = Time resting spent in this place.
 E = Time spent auto-exploring this place.
 F = Levels seen in this place.
 G = Mean time per level.
                   A        B        C        D        E       F      G
               +--------+--------+--------+--------+--------+-----+--------+
         Total |  13747 |  10358 |   3389 |   3023 |   4296 |  13 | 1057.5 |
       Dungeon |  13529 |  10189 |   3340 |   2857 |   4296 |  12 | 1127.4 |
        Temple |    217 |    168 |     49 |    166 |      0 |   1 |  217.0 |
               +--------+--------+--------+--------+--------+-----+--------+

Top non-repeatable levels by time:
     D:7: 2128 daAuts
     D:8: 1789 daAuts
     D:9: 1684 daAuts
     D:6: 1488 daAuts
     D:2: 1286 daAuts
    D:10: 1262 daAuts
     D:4: 1261 daAuts
     D:3: 1195 daAuts
     D:5: 920 daAuts
     D:1: 498 daAuts
  Temple: 217 daAuts
    D:14: 14 daAuts
